 Dungeon Crawl Stone Soup version 0.30-a0-782-ge64f9170bb (webtiles) character file.

Game seed: 703393399534272039

421 senseless the Skirmisher (level 6, 0/51 HPs)
             Began as a Gnoll Hunter on Mar 9, 2023.
             Was a Believer of Qazlal.
             Slain by a gnoll
             ... wielding a +0 halberd
             ... led by a gnoll bouda
              (4 damage)
             ... on level 5 of the Dungeon.
             The game lasted 00:11:10 (4201 turns).

senseless the Skirmisher (Gnoll Hunter)             Turns: 4201, Time: 00:11:11

Health: 0/51       AC:  6    Str: 16    XL:     6   Next: 94%
Magic:  0/0        EV: 15    Int:  8    God:    Qazlal [**....]
Gold:   263        SH:  2    Dex: 21    Spells: 9/9 levels left

rFire   . . .      SeeInvis .    b - +2 hammer of Big Damage {flame, Fly rElec MP-9 Dex+3}
rCold   . . .      Faith    .    (no shield)
rNeg    . . .      Spirit   .    c - +0 leather armour
rPois   .          Reflect  .    q - +1 helmet
rElec   +          Harm     .    s - +0 cloak
rCorr   .          Rampage  .    (no gloves)
Will    .....                    (no boots)
Stlth   ++                       (no amulet)
HPRegen 0.28/turn                x - +6 ring of strength
MPRegen 0.07/turn                (no ring)

@: flying, studying Dodging
A: fangs 1, strong nose, distributed training
a: Renounce Religion, Upheaval


You were on level 5 of the Dungeon.
You worshipped Qazlal.
Qazlal was pleased with you.
You visited 1 branch of the dungeon, and saw 5 of its levels.

You collected 263 gold pieces.

Inventory:

Hand Weapons
 a - a +0 shortbow
 b - the +2 hammer of Big Damage (weapon) {flame, Fly rElec MP-9 Dex+3}
   (You found it on level 2 of the Dungeon)

   Dex:       It affects your dexterity (+3).
   rElec:     It insulates you from electricity.
   MP:        It affects your magic capacity (-9).
   Fly:       It grants you flight.
 r - a +4 quarterstaff of chaos
 u - a +2 hammer of protection
 y - a +0 dagger of venom
 B - a +3 morningstar
Missiles
 n - 4 poisoned darts
 p - 5 javelins
 D - 2 boomerangs
Armour
 c - a +0 leather armour (worn)
 k - a +0 scale mail
 m - a +0 chain mail
 q - a +1 helmet (worn)
 s - a +0 cloak (worn)
Jewellery
 x - a +6 ring of strength (left hand)
Wands
 e - a wand of paralysis (7)
Scrolls
 h - 3 scrolls of amnesia
 l - 2 scrolls of fog
 t - a scroll of immolation
 w - a scroll of teleportation
 z - a scroll of poison
Potions
 d - a potion of might
 f - 3 potions of berserk rage
 g - 6 potions of curing
 i - a potion of invisibility
 j - a potion of haste
 o - a potion of mutation {unknown}
 v - a potion of magic {unknown}
 A - 2 potions of cancellation
 C - a potion of flight {unknown}


   Skills:
 + Level 5.1 Fighting
 + Level 2.2 Short Blades
 + Level 2.2 Long Blades
 + Level 2.2 Axes
 + Level 2.2 Maces & Flails
 + Level 2.2 Polearms
 + Level 2.2 Staves
 + Level 8.8 Ranged Weapons
 + Level 2.2 Throwing
 + Level 2.2 Armour
 + Level 5.6 Dodging
 + Level 3.3 Stealth
 + Level 2.2 Shields
 + Level 2.2 Unarmed Combat
 + Level 2.2 Spellcasting
 + Level 1.8 Conjurations
 + Level 1.8 Hexes
 + Level 1.8 Summonings
 + Level 1.8 Necromancy
 + Level 1.8 Translocations
 + Level 1.8 Transmutations
 + Level 1.8 Fire Magic
 + Level 1.8 Ice Magic
 + Level 1.8 Air Magic
 + Level 1.8 Earth Magic
 + Level 1.8 Poison Magic
 + Level 2.5 Invocations
 + Level 2.2 Evocations


You had 9 spell levels left.
You didn't know any spells.
Your spell library contained the following spells:

 Spells                   Type           Power      Damage    Failure   Level
 Magic Dart               Conj           12%        1d3       21%         1
 Searing Ray              Conj           6%         2d4       30%         2
 Sublimation of Blood     Necr           3%         N/A       30%         2
 Wereblood                Tmut           3%         N/A       30%         2
 Fulminant Prism          Conj/Hex       1%         3d5       89%         4
 Summon Hydra             Summ           1%         N/A       100%        7
 Borgnjor's Revivificati  Necr           1%         N/A       100%        8
 Necromutation            Tmut/Necr      1%         N/A       100%        8
 Death's Door             Necr           1%         N/A       100%        9


Dungeon Overview and Level Annotations

Branches:
Dungeon (5/15)
 Temple: D:4-7

Altars:
Makhleb
Qazlal
Vehumet

Annotations:
D:3 1 runed translucent door, Leeroy's ghost, amateur VSWr
D:5 Menkaure


Innate Abilities, Weirdness & Mutations

You have very sharp teeth.
Your uncanny sense of smell can sniff out nearby items.
Your experience applies equally to all skills.


Message History

You closely miss the gnoll.
The gnoll is severely wounded.
The gnoll barely misses you.
You hit the gnoll. You burn the gnoll.
The gnoll is almost dead.
The gnoll hits you with a +0 whip.
You closely miss the gnoll.
The gnoll is almost dead.
The gnoll misses you.
You hit the gnoll but do no damage.
The gnoll is almost dead.
The gnoll hits you but does no damage. The gnoll hits you with a +0 whip.
You hit the gnoll. You burn the gnoll.
You kill the gnoll!
Qazlal accepts your kill.
You hit the gnoll but do no damage.
The gnoll is moderately wounded.
The gnoll barely misses you.
You completely miss the gnoll.
The gnoll is moderately wounded.
The gnoll barely misses you. The gnoll hits you with a +0 halberd!
You are too injured to fight recklessly!
You are too injured to fight recklessly!
You are too injured to fight recklessly!
You are too injured to fight recklessly!
You closely miss the gnoll.
The gnoll is moderately wounded.
The gnoll hits you with a +0 halberd!
* * * LOW HITPOINT WARNING * * *
You hit the gnoll. You burn the gnoll.
The gnoll is severely wounded.
The gnoll hits you with a +0 halberd!
* * * LOW HITPOINT WARNING * * *
The gnoll attacks as you move away! The gnoll hits you with a +0 halberd.
* * * LOW HITPOINT WARNING * * *
The gnoll misses you.
You see here a Necronomicon.
There is a stone staircase leading up here.
The gnoll hits you from afar with a +0 halberd.
You die...

#..#..#..# #..#.##..#
#........# #.......####
#.######.......#
........>#####.#
#.##.###.#####.# ∆
#....##.# #@.#.##.#
#..#.##.# #..g....# #....
##....### #...#
###..########.# #...#
#.....[.....# #...#
###:##########
######...#########.#.#
>..............##.#).####.


You could see a gnoll.

Vanquished Creatures
  2 wights
  Crazy Yiuf (D:2)
  2 orc priests
  2 iguanas
  2 orc wizards (D:4)
  2 gnolls
  2 adders
  An ufetubus (D:4)
  3 dart slugs
  14 orcs
  12 endoplasms
  A giant cockroach (D:2)
  5 goblins
  2 hobgoblins
  3 quokkas
  6 ball pythons
  5 bats
  A frilled lizard (D:3)
  5 kobolds
  5 rats
76 creatures vanquished.

Vanquished Creatures (others)
  A fungus (D:2)
1 creature vanquished.

Grand Total: 77 creatures vanquished

Notes
Turn   | Place    | Note
-------+----------+-------------------------------------------
     0 | D:1      | senseless the Gnoll Hunter began the quest for the Orb.
     0 | D:1      | Reached XP level 1. HP: 20/20 MP: 1/1
   215 | D:1      | Reached XP level 2. HP: 26/26 MP: 2/2
   349 | D:1      | Reached XP level 3. HP: 31/31 MP: 3/3
   759 | D:2      | Reached skill level 1 in Invocations
  1147 | D:2      | Found a faded altar of an unknown god.
  1156 | D:2      | Prayed at the altar of an unknown god.
  1156 | D:2      | Became a worshipper of Qazlal Stormbringer
  1156 | D:2      | Reached * piety under Qazlal
  1165 | D:2      | Found a burning altar of Makhleb.
  1206 | D:2      | Reached skill level 1 in Short Blades
  1206 | D:2      | Reached skill level 1 in Long Blades
  1206 | D:2      | Reached skill level 1 in Axes
  1206 | D:2      | Reached skill level 1 in Maces & Flails
  1206 | D:2      | Reached skill level 1 in Polearms
  1206 | D:2      | Reached skill level 1 in Staves
  1206 | D:2      | Reached skill level 1 in Throwing
  1206 | D:2      | Reached skill level 1 in Armour
  1206 | D:2      | Reached skill level 1 in Shields
  1206 | D:2      | Reached skill level 1 in Unarmed Combat
  1206 | D:2      | Reached skill level 1 in Spellcasting
  1206 | D:2      | Reached skill level 1 in Evocations
  1449 | D:2      | Found a runed translucent door.
  1450 | D:2      | Noticed Crazy Yiuf
  1461 | D:2      | Killed Crazy Yiuf
  1462 | D:2      | Reached skill level 1 in Conjurations
  1462 | D:2      | Reached skill level 1 in Hexes
  1462 | D:2      | Reached skill level 1 in Summonings
  1462 | D:2      | Reached skill level 1 in Necromancy
  1462 | D:2      | Reached skill level 1 in Translocations
  1462 | D:2      | Reached skill level 1 in Transmutations
  1462 | D:2      | Reached skill level 1 in Fire Magic
  1462 | D:2      | Reached skill level 1 in Ice Magic
  1462 | D:2      | Reached skill level 1 in Air Magic
  1462 | D:2      | Reached skill level 1 in Earth Magic
  1462 | D:2      | Reached skill level 1 in Poison Magic
  1462 | D:2      | Reached XP level 4. HP: 38/38 MP: 5/5
  1464 | D:2      | Identified the +2 hammer of Big Damage {flame, Fly rElec
                  | MP-9 Dex+3}
  2097 | D:3      | Reached XP level 5. HP: 43/43 MP: 5/7
  2113 | D:3      | Reached skill level 5 in Dodging
  2198 | D:3      | Found a runed translucent door.
  2198 | D:3      | Noticed Leeroy's ghost (amateur VSWr)
  2737 | D:4      | Reached XP level 6. HP: 31/50 MP: 0/8
  2829 | D:4      | Reached skill level 5 in Fighting
  3763 | D:5      | Entered Level 5 of the Dungeon
  4039 | D:5      | Reached ** piety under Qazlal
  4130 | D:5      | Found a radiant altar of Vehumet.
  4157 | D:5      | Noticed Menkaure
  4194 | D:5      | HP: 2/51 [gnoll/+0 halberd[a gnoll bouda] (4)]
  4201 | D:5      | Slain by a gnoll

Illustrated notes

Levels and vault maps discovered:
D:1:      dpeg_arrival_three_same_balls, layout_basic, minmay_heptomino_o4
D:2:      layout_basic, hellmonk_ecumenical_altar_pennies_from_heaven,
          basic_altar, st_stairs_9, uniq_crazy_yiuf_cottage
D:3:      layout_loops_cross, hellmonk_ghost_happy_afterlife
D:4:      layout_basic
D:5:      layout_loops_cross, mainiacjoe_overflow_chevrons, uniq_menkaure

Skill      XL: |  1  2  3  4  5  6 |
---------------+-------------------+-----
Invocations    | 1 2 |  2.5
Short Blades   | 1 2 |  2.2
Long Blades    | 1 2 |  2.2
Axes           | 1 2 |  2.2
Maces & Flails | 1 2 |  2.2
Polearms       | 1 2 |  2.2
Staves         | 1 2 |  2.2
Throwing       | 1 2 |  2.2
Armour         | 1 2 |  2.2
Shields        | 1 2 |  2.2
Unarmed Combat | 1 2 |  2.2
Spellcasting   | 1 2 |  2.2
Evocations     | 1 2 |  2.2
Conjurations   | 1 |  1.8
Hexes          | 1 |  1.8
Summonings     | 1 |  1.8
Necromancy     | 1 |  1.8
Translocations | 1 |  1.8
Transmutations | 1 |  1.8
Fire Magic     | 1 |  1.8
Ice Magic      | 1 |  1.8
Air Magic      | 1 |  1.8
Earth Magic    | 1 |  1.8
Poison Magic   | 1 |  1.8
Dodging        | 5 |  5.6
Stealth        | 3 |  3.3
Fighting       | 5 |  5.1
Ranged Weapons | |  8.8

Action                     |  1- 3 |  4- 6 || total
---------------------------+-------+-------++-------
  Melee: Mace              |       |    43 ||    43
         Bite              |       |     2 ||     2
   Fire: Shortbow          |    92 |    93 ||   185
  Evoke: Wand              |     1 |       ||     1
    Use: Scroll            |     3 |    11 ||    14
 Armour: Leather armour    |     7 |    12 ||    19
  Dodge: Dodged            |    22 |    39 ||    61
  Block: Other             |       |     6 ||     6

Table legend: (Time is in decaauts)
 A = Elapsed time spent in this place.
 B = Non-inter-level travel time spent in this place.
 C = Inter-level travel time spent in this place.
 D = Time resting spent in this place.
 E = Time spent auto-exploring this place.
 F = Levels seen in this place.
 G = Mean time per level.
                   A        B        C        D        E       F      G
               +--------+--------+--------+--------+--------+-----+--------+
         Total |   4225 |   3948 |    277 |    284 |   3101 |   5 |  845.0 |
       Dungeon |   4225 |   3948 |    277 |    284 |   3101 |   5 |  845.0 |
               +--------+--------+--------+--------+--------+-----+--------+

Top non-repeatable levels by time:
     D:4: 1525 daAuts
     D:2: 868 daAuts
     D:3: 813 daAuts
     D:1: 745 daAuts
     D:5: 272 daAuts
